 Dungeon Crawl Stone Soup version 0.29-a0-617-g7a6b98fccd (webtiles) character file.

Game seed: 17762373126550365704

50 enile the Vandal (level 4, 0/35 HPs)
             Began as a Formicid Hunter on June 18, 2022.
             Succumbed to an adder's poison
             ... on level 2 of the Dungeon.
             The game lasted 00:01:43 (1277 turns).

enile the Vandal (Formicid Hunter)                  Turns: 1277, Time: 00:01:45

Health: 0/35       AC:  3    Str: 16    XL:     4   Next: 4%
Magic:  4/4        EV: 13    Int:  8    God:
Gold:   140        SH:  0    Dex: 19    Spells: 3/3 levels left

rFire   . . .      SeeInvis +   g - +1 dagger
rCold   . . .      Faith    .   (no shield)
rNeg    . . .      Spirit   .   b - +0 leather armour
rPois   .          Reflect  .   (helmet unavailable)
rElec   .          Harm     .   (no cloak)
rCorr   .          Rampage  .   (no gloves)
Will    .....                   (no boots)
Stlth   ++........              (no amulet)
HPRegen 0.11/turn               (no ring)
MPRegen 0.09/turn               (no ring)

@: lethally poisoned (0 -> -8)
A: permanent stasis, dig shafts and tunnels, antennae 3, four strong arms
a: Dig, Shaft Self


You were on level 2 of the Dungeon.
You visited 1 branch of the dungeon, and saw 2 of its levels.

You collected 140 gold pieces.

Inventory:

Hand Weapons
 a - a +1 hunting sling
 g - a +1 dagger (weapon)
Armour
 b - a +0 leather armour (worn)
Scrolls
 c - 2 scrolls of immolation
 d - 2 scrolls of teleportation {unknown}
 h - a scroll of brand weapon {unknown}
 i - 2 scrolls of identify {unknown}
 m - a scroll of vulnerability {unknown}


   Skills:
 - Level 3.0 Fighting
 - Level 4.6 Slings
 + Level 2.7 Dodging
 - Level 2.0 Stealth


You had 3 spell levels left.
You didn't know any spells.
Your spell library was empty.

Dungeon Overview and Level Annotations

Branches:
Dungeon (2/15)

Altars:

Annotations:
D:2 Robin


Innate Abilities, Weirdness & Mutations

You cannot be hasted, slowed, berserked, paralysed or teleported.
You can dig through walls and to a lower floor.
You have a pair of large antennae on your head. (SInv)
Your four strong arms can wield two-handed weapons with a shield.


Message History

The adder bites you.
You are poisoned.
The adder poisons you!
You closely miss the adder.
The adder is heavily wounded.
You feel sick. The adder bites you.
* * * LOW HITPOINT WARNING * * *
You are lethally poisoned!
The adder poisons you! The adder bites you.
* * * LOW HITPOINT WARNING * * *
You barely miss the adder.
The adder is heavily wounded.
* * * LOW HITPOINT WARNING * * *
You feel very sick. The adder bites you.
* * * LOW HITPOINT WARNING * * *
You are more poisoned.
The adder poisons you!
It was a potion of ambrosia.
You are confused.
You feel invigorated.
* * * LOW HITPOINT WARNING * * *
You feel very sick. The adder bites you but does no damage.
It was a potion of cancellation.
Your magical effects are unravelling.
You feel magically purged.
You feel less invigorated.
You float gracefully downwards.
You feel less confused.
* * * LOW HITPOINT WARNING * * *
You feel very sick. The adder barely misses you. x2
It was a potion of magic.
Magic courses through your body.
* * * LOW HITPOINT WARNING * * *
You feel sick. The adder bites you but does no damage.
You don't know any spells.
As you read the scroll labelled KUJUES JITOX, it crumbles to dust.
It is a scroll of enchant weapon.
Your +0 dagger glows red for a moment.
You die...

#####.............
#................
....##........###
### ##.......#
##...#..#
.#####..# ######..
#........# #.....
#..#####.###..#.#
#..@S...#
#####....#
#{#.#...# ....#
#.. ....# . ..)...
....... ##...#...


You could see an adder.

Vanquished Creatures
  3 dart slugs (D:1)
  2 endoplasms (D:1)
  3 giant cockroaches (D:1)
  5 goblins
  2 hobgoblins (D:2)
  4 jackals (D:1)
  6 kobolds (D:1)
  A quokka (D:1)
  4 ball pythons (D:1)
  6 bats
  3 frilled lizards (D:1)
  2 rats (D:1)
41 creatures vanquished.

Notes
Turn   | Place    | Note
-------+----------+-------------------------------------------
     0 | D:1      | enile the Formicid Hunter began the quest for the Orb.
     0 | D:1      | Reached XP level 1. HP: 16/16 MP: 1/1
   117 | D:1      | Reached XP level 2. HP: 16/23 MP: 2/2
   505 | D:1      | Reached XP level 3. HP: 28/28 MP: 3/3
  1111 | D:2      | Noticed Robin
  1262 | D:2      | Reached XP level 4. HP: 29/35 MP: 4/4
  1277 | D:2      | Succumbed to an adder's poison

Illustrated notes

Levels and vault maps discovered:
D:1:      lemuel_arrival_hallway, layout_loops_ring, st_stairs_4,
          nicolae_concentric_dashed_squares_wild, minivault_4
D:2:      layout_loops_ring, serial_glass, glass_columns_a, glass_columns_a,
          minmay_tripent, uniq_robin

Skill      XL: |  1  2  3 |
---------------+----------+-----
Dodging        | 2 |  2.7
Stealth        | 2 |  2.0
Fighting       | 3 |  3.0
Slings         | |  4.6

Action                   |  1- 3 |  4- 6 || total
-------------------------+-------+-------++-------
Melee: Dagger            |       |     3 ||     3
 Fire: Hunting sling     |   128 |     5 ||   133
  Use: Potion            |       |     4 ||     4
       Scroll            |       |     1 ||     1
Armor: Leather armour    |    18 |     3 ||    21
Dodge: Dodged            |    69 |     9 ||    78

Table legend: (Time is in decaauts)
 A = Elapsed time spent in this place.
 B = Non-inter-level travel time spent in this place.
 C = Inter-level travel time spent in this place.
 D = Time resting spent in this place.
 E = Time spent auto-exploring this place.
 F = Levels seen in this place.
 G = Mean time per level.
                   A        B        C        D        E       F      G
               +--------+--------+--------+--------+--------+-----+--------+
         Total |   1318 |   1269 |     49 |      0 |   1013 |   2 |  659.0 |
       Dungeon |   1318 |   1269 |     49 |      0 |   1013 |   2 |  659.0 |
               +--------+--------+--------+--------+--------+-----+--------+

Top non-repeatable levels by time:
     D:1: 1216 daAuts
     D:2: 101 daAuts
